 Dungeon Crawl Stone Soup version 0.20.1-1-g8b1a95d (webtiles) character file.

168 vineage the Shield-Bearer (level 5, -1/41 HPs)
             Began as a Formicid Fighter on Aug 3, 2017.
             Slain by an ogre
             ... wielding a +0 giant spiked club
              (23 damage)
             ... on level 3 of the Dungeon.
             The game lasted 00:06:32 (2030 turns).

vineage the Shield-Bearer (Formicid Fighter)        Turns: 2030, Time: 00:06:33

Health: -1/41      AC:  7    Str: 21    XL:     5   Next: 77%
Magic:  0/5        EV:  8    Int: 12    God:
Gold:   116        SH:  9    Dex: 10    Spells: 4/4 levels left

rFire    . . .     SeeInvis +   a - +0 quarterstaff
rCold    . . .     Gourm    .   c - +0 shield
rNeg     . . .     Faith    .   b - +0 scale mail
rPois    .         Spirit   +   (helmet unavailable)
rElec    .         Reflect  .   (no cloak)
rCorr    .         Harm     .   (no gloves)
MR       .....                  (no boots)
Stlth    ..........             k - amulet of guardian spirit
Regen    0.2/turn               i - +4 ring of intelligence
MPRegen  0.1/turn               (no ring)

@: no status effects
A: permanent stasis, dig shafts and tunnels, four strong arms, antennae 3
a: Dig, Shaft Self


You were on level 3 of the Dungeon.
You were not hungry.

You visited 1 branch of the dungeon, and saw 3 of its levels.

You collected 116 gold pieces.

Inventory:

Hand Weapons
 a - a +0 quarterstaff (weapon)
 l - a -3 whip
Armour
 b - a +0 scale mail (worn)
 c - a +0 shield (worn)
Jewellery
 i - a +4 ring of intelligence (left hand)
 k - an amulet of guardian spirit (around neck)
 n - an uncursed ring of magical power {unknown}
Scrolls
 e - a scroll of remove curse
 o - a scroll of fear
 q - a scroll of identify
Potions
 d - 2 potions of might
 j - a potion of brilliance
 m - a potion of curing {unknown}
 p - a potion of invisibility {unknown}
Comestibles
 f - 4 bread rations
 g - a meat ration
 h - 3 royal jellies


   Skills:
 + Level 3.5 Fighting
 + Level 3.6 Staves
 + Level 4.1 Armour
 + Level 1.0 Dodging
 + Level 1.0 Stealth
 + Level 4.7 Shields


You had 4 spell levels left.
You didn't know any spells.

Dungeon Overview and Level Annotations

Branches:
Dungeon (3/15)

Altars:


Innate Abilities, Weirdness & Mutations

You cannot be hasted, slowed, berserked, paralysed or teleported.
You can dig through walls and to a lower floor.
Your four strong arms can wield two-handed weapons with a shield.
You have a pair of large antennae on your head. (SInv)


Message History

You sock the ogre!
The ogre is heavily wounded.
The ogre barely misses you.
You completely miss the ogre.
The ogre is heavily wounded.
The ogre barely misses you.
You barely miss the ogre.
The ogre is heavily wounded.
The ogre hits you with a giant spiked club!
Your shield prevents you from hitting the ogre.
The ogre is heavily wounded.
The ogre hits you with a giant spiked club.
You sock the ogre!
The ogre is severely wounded.
The ogre barely misses you.
You hit the ogre.
The ogre is severely wounded.
The ogre hits you with a giant spiked club!!
Ouch! That really hurt!
You die...

###....)# #.......###.#
#.###.# #..##>......##
#†# #.# ##..##.#.......
#.# #.. ...##.########
#.# #### ###.##.# #.##
#.<...†######## .#...
................
>.....####.#.###.#######
#....wO@.....###.###
#.###.####.###.....# #
#.# #.###.# ##.####.#
#.# #.#
........###.###.#
##.####.........#
#####.##.## #.##.#
#.##.#


You could see an ogre and a worm.

Vanquished Creatures
  A hound (D:3)
  5 adders
  An ooze (D:2)
  2 worms (D:3)
  A leopard gecko (D:1)
  2 ball pythons
  6 bats
  2 giant cockroaches (D:2)
  13 goblins
  8 hobgoblins
  14 jackals
  7 kobolds
  3 frilled lizards
  12 rats
77 creatures vanquished.

Notes
Turn   | Place    | Note
-------+----------+-------------------------------------------
     0 | D:1      | vineage the Formicid Fighter began the quest for the Orb.
     0 | D:1      | Reached XP level 1. HP: 18/18 MP: 1/1
    56 | D:1      | Reached XP level 2. HP: 14/24 MP: 2/2
   115 | D:1      | HP: 1/24 [poisoned by a kobold]
   638 | D:1      | Reached XP level 3. HP: 29/29 MP: 3/3
  1084 | D:2      | Reached XP level 4. HP: 18/35 MP: 2/4
  1363 | D:2      | Reached skill level 1 in Dodging
  1489 | D:2      | Reached XP level 5. HP: 34/41 MP: 3/5
  2004 | D:3      | Reached skill level 1 in Stealth
  2022 | D:3      | Noticed an ogre
  2030 | D:3      | Slain by an ogre

Skill      XL: |  1  2  3  4  5 |
---------------+----------------+-----
Shields        | 4 |  4.7
Dodging        | 1 |  1.0
Staves         | 3 |  3.6
Armour         | 4 |  4.1
Stealth        | 1 |  1.0
Fighting       | |  3.5

Action                   |  1- 3 |  4- 6 || total
-------------------------+-------+-------++-------
Melee: Quarterstaff      |   129 |   156 ||   285
  Use: Scroll            |     4 |     3 ||     7
       Potion            |     1 |       ||     1
  Eat: Royal jelly       |       |     1 ||     1
       Chunk             |       |     2 ||     2
Armor: Scale mail        |    75 |    63 ||   138
Dodge: Dodged            |    60 |    55 ||   115
Block: Shield            |   104 |    90 ||   194
